Map: Nightshade LE

Players

Cyanine - Winner!

  • Race: Terran Terran
  • League: Grandmaster
  • Spawn Location: 5:00

A.I. 1 (Very Easy)

  • Race: Protoss Protoss
  • Spawn Location: 11:00

VOD

Have the link to the VOD?

Description

Time

  • Played on: May 2, 2020, 8:25 a.m.
  • Length: 11:42
Show
View Real Time Build Order
Export as new Build Order

Cyanine Terran - Winner!

Build Orders: Reaper Expand, Mech 

Get SALT Encoding   

  12  0:00  SCV  
  13  0:12  SCV  
  14  0:17  Supply Depot  
  14  0:25  SCV  
  15  0:38  SCV  
  15  0:39  Barracks  
  16  0:43  Refinery  
  16  0:50  SCV  
  17  1:03  SCV  
  18  1:15  SCV  
  19  1:27  Reaper, Orbital Command  
  20  1:41  Command Center  
  20  1:50  Supply Depot  
  20  1:53  SCV  
  21  1:59  Marine  
  22  2:05  SCV  
  23  2:09  Factory  
  23  2:17  SCV  
  23  2:20  Refinery  
  23  2:21  Barracks Reactor  
  24  2:29  SCV  
  25  2:41  SCV  
  26  2:54  Factory Tech Lab  
  26  2:57  Orbital Command  
  26  2:58  SCV  
  26  3:00  Marine x2  
  26  3:02  Armory  
  29  3:11  SCV  
  30  3:13  Hellion  
  30  3:18  Marine x2  
  34  3:23  SCV x2  
  34  3:24  Supply Depot  
  36  3:35  SCV x2, Widow Mine  
  36  3:36  Starport  
  36  3:37  Marine x2  
  42  3:47  SCV x2  
  44  3:48  Drilling Claws  
  44  3:54  Supply Depot  
  44  3:55  Marine x2  
  44  3:59  SCV x2, Widow Mine  
  50  4:13  Marine x2  
  52  4:17  Medivac  
  52  4:20  Widow Mine  
  52  4:21  SCV x2  
  58  4:26  Supply Depot  
  58  4:31  Marine x2  
  58  4:33  SCV x2  
  62  4:48  SCV x2, Siege Tank  
  62  4:50  Command Center  
  67  4:53  Refinery  
  67  4:55  Refinery, Starport Tech Lab  
  67  4:59  Supply Depot  
  67  5:00  SCV x2  
  67  5:01  Factory  
  69  5:12  SCV  
  69  5:13  Factory  
  70  5:20  SCV  
  71  5:24  SCV  
  72  5:32  SCV  
  72  5:35  Siege Tank  
  76  5:36  SCV  
  76  5:40  Terran Vehicle Weapons Level 1  
  77  5:44  SCV  
  77  5:48  SCV  
  77  5:55  Siege Tank  
  77  5:56  Hellion  
  78  6:02  SCV x2, Hellion  
  82  6:07  Refinery  
  82  6:09  Engineering Bay, Siege Tank  
  85  6:14  SCV x2  
  85  6:15  Refinery  
  87  6:21  Supply Depot  
  87  6:22  Supply Depot x2  
  87  6:26  SCV x2  
  87  6:27  Orbital Command  
  89  6:33  Siege Tank  
  89  6:36  Mag-Field Accelerator  
  89  6:37  Infernal Pre-Igniter  
  89  6:38  SCV  
  93  6:43  SCV, Hellion x2, Siege Tank  
  93  6:45  Supply Depot x2  
  101  6:49  Bunker  
  101  6:50  SCV  
  102  6:55  SCV  
  103  7:05  Hellion x2, Siege Tank  
  110  7:10  SCV x2  
  110  7:11  SCV, Factory x2  
  110  7:12  Supply Depot  
  110  7:15  Supply Depot  
  113  7:21  Missile Turret  
  113  7:23  SCV x3  
  113  7:27  Hellion x2, Missile Turret, Siege Tank  
  123  7:35  SCV x2, Starport Reactor  
  123  7:36  SCV  
  126  7:37  Terran Vehicle Weapons Level 2, Siege Tank  
  126  7:40  Armory  
  129  7:45  Missile Turret  
  129  7:47  SCV  
  129  7:48  SCV, Missile Turret  
  131  7:53  Hellion x2  
  131  7:55  Factory Reactor  
  131  7:56  Factory Tech Lab  
  135  7:59  Cyclone  
  135  8:01  Command Center  
  135  8:04  SCV x2  
  135  8:05  SCV  
  141  8:09  Cyclone  
  144  8:15  Missile Turret  
  144  8:16  SCV, Missile Turret  
  144  8:17  Missile Turret, Siege Tank  
  148  8:34  Terran Vehicle And Ship Armor Level 1  
  148  8:37  Supply Depot x2  
  148  8:45  Cyclone  
  148  8:46  Hellion x3  
  157  8:48  Supply Depot  
  157  8:49  Supply Depot  
  157  8:56  Missile Turret x4  
  157  8:58  Supply Depot x2  
  157  8:59  Hellion, Siege Tank  
  162  9:06  Liberator x2  
  162  9:09  Hellion x2  
  172  9:11  Hellion, Cyclone  
  177  9:17  Cyclone  
  180  9:28  Refinery  
  183  9:31  Siege Tank  
  183  9:32  Refinery  
  183  9:35  Planetary Fortress  
  183  9:48  Siege Tank  
  183  9:49  Hellion x4, Siege Tank, Liberator  
  200  10:17  Missile Turret  
  200  10:18  Missile Turret  
  200  10:20  Command Center  
  200  10:21  Command Center  
  200  10:25  Starport  
  200  10:26  Starport, Fusion Core  
  200  10:27  Missile Turret  
Show
View Real Time Build Order
Export as new Build Order

A.I. 1 (Very Easy) Protoss 

Build Orders: 1 Gate Expand, Nexus First 

Get SALT Encoding   

  12  0:00  Probe  
  13  0:13  Probe  
  14  0:20  Pylon  
  14  0:43  Gateway  
  14  1:01  Nexus  
  14  1:19  Pylon  
  14  1:22  Assimilator  
  14  1:24  Zealot  
  14  1:34  Probe  
  14  1:36  Cybernetics Core  
  17  1:42  Probe  
  18  1:51  Probe  
  19  2:01  Probe  
  19  2:02  Assimilator  
  19  2:03  Stalker  
  20  2:09  Probe  
  23  2:18  Probe, Warp Gate  
  24  2:25  Probe  
  25  2:33  Probe  
  26  2:44  Probe  
  26  2:45  Assimilator  
  26  2:46  Pylon  
  27  2:51  Probe  
  28  2:58  Probe  
  29  3:05  Probe  
  29  3:12  Robotics Facility  
  30  3:13  Probe  
  31  3:22  Probe  
  31  3:25  Probe  
  31  3:26  Zealot  
  35  3:36  Probe  
  36  3:42  Probe  
  37  3:50  Probe  
  38  3:57  Probe  
  38  3:59  Observer  
  40  4:05  Probe  
  41  4:11  Probe  
  41  4:13  Observer  
  42  4:18  Assimilator  
  42  4:19  Probe  
  42  4:22  Probe  
  44  4:31  Pylon  
  45  4:33  Probe  
  46  4:40  Probe, Sentry  
  49  4:48  Probe  
  50  5:30  Probe  
  46  5:41  Probe  
  43  5:44  Probe  
  44  5:56  Probe  
  45  6:03  Probe  
  46  6:10  Probe  
  47  6:15  Probe  
  48  6:22  Probe  
  49  6:27  Probe  
  50  10:34  Stalker  
  46  10:40  Pylon  
  46  10:43  Gateway  
  46  10:46  Probe, Robotics Bay  
  46  10:48  Stargate  
  24  10:58  Probe  
  24  10:59  Zealot  
  24  11:02  Pylon  
  25  11:06  Pylon  
Tags
 
Add a new tag
Caveats
  • Supply blocks, unpowered buildings, or Contaminate may cause inaccurate times.
  • Supply counts are checked every 10 seconds.